 Dungeon Crawl Stone Soup version 0.30.1-10-g1249ef9ec4 (webtiles) character file.

Game seed: 2697735416218052616

12065 Charmandara the Thaumaturge (level 12, 0/79 HPs)
             Began as a Djinni Wanderer on Sept 24, 2023.
             Was an Initiate of Gozag.
             Slain by a vampire
             ... wielding a +0 rapier
              (10 damage)
             ... on level 11 of the Dungeon on Oct 27, 2023.
             The game lasted 00:54:14 (13696 turns).

Charmandara the Thaumaturge (Djinni Wanderer)      Turns: 13696, Time: 00:54:15

Health: 0/79       AC:  6    Str: 14    XL:     12   Next: 15%
Gold:   2225       EV: 12    Int: 17    God:    Gozag SH:  7 Dex: 12

rFire   + + +        o - +6 short sword (venom)
rCold   x . .        E - +2 buckler
rNeg    . . .        d - +0 robe
rPois   ∞            (no helmet)
rElec   .            I - +2 cloak {Will+}
rCorr   .            c - +0 pair of gloves
SInv    .            (boots unavailable)
Will    +++..        (no amulet)
Stlth   ++           r - ring of protection from fire
HPRegen 0.33/turn    B - ring of willpower
MPRegen 0.00/turn

%: infuse magic (-1 HP)
@: flying, very slightly contaminated
A: sickness immunity, fire resistance 2, cold vulnerability 1, float, innate
caster, HP casting, extra vitality 1
a: Renounce Religion, Potion Petition, Call Merchant, Bribe Branch


You were on level 11 of the Dungeon.
You worshipped Gozag.
Gozag was most pleased with you.
You visited 2 branches of the dungeon, and saw 13 of its levels.
You also visited: Ossuary and Bailey.

You collected 2299 gold pieces.
You paid 74 gold pieces to Gozag.

Inventory:

Hand Weapons
 a - a +2 quarterstaff of draining
 f - a +0 spectral rapier
 o - a +6 short sword of venom (weapon)
 A - a +4 halberd
 F - a +0 bardiche
 M - a +3 long sword
Missiles
 g - 41 poisoned darts
 C - 10 throwing nets
Armour
 c - a +0 pair of gloves (worn)
 d - a +0 robe (worn)
 E - a +2 buckler (worn)
 H - a +0 crystal plate armour
 I - a +2 cloak of willpower (worn)
 L - the +0 leather armour of Dyspraxia {*Corrode Fly Regen+ Str+3}
   (You found it on level 9 of the Dungeon)

   Str:       It affects your strength (+3).
   Fly:       It grants you flight.
   Regen:     It increases your rate of health regeneration.
   *Corrode:  It may corrode you when you take damage.
Jewellery
 r - a ring of protection from fire (left hand)
 y - a ring of resist corrosion
 B - a ring of willpower (right hand)
 D - a ring of positive energy
Wands
 j - a wand of polymorph (14)
 k - a wand of flame (6)
 n - a wand of roots (2)
 J - a wand of acid (1)
Scrolls
 h - 3 scrolls of enchant armour
 l - a scroll of poison
 m - a scroll of identify
 q - 3 scrolls of blinking
 s - 9 scrolls of teleportation
 t - 2 scrolls of butterflies
Potions
 b - 3 potions of haste
 e - a potion of mutation
 i - 2 potions of brilliance
 p - a potion of cancellation
 v - 2 potions of resistance
 w - 5 potions of attraction
 x - 5 potions of lignification
 z - 8 potions of curing
Miscellaneous
 G - a phantom mirror


   Skills:
 + Level 4.3 Fighting
 * Level 6.1 Short Blades
 - Level 1.0 Throwing
 - Level 2.0 Armour
 - Level 2.8 Dodging
 + Level 3.8 Stealth
 - Level 5.0 Shields
 - Level 12.0 Spellcasting
 - Level 1.0 Invocations


You knew the following spells:

 Your Spells              Type           Power      Damage    Failure   Level
a - Magic Dart            Conj           100%       1d8       1%          1
b - Dazzling Flash        Conj/Hex       100%       N/A       1%          3
d - Static Discharge      Conj/Air       100%       2-7/arc   1%          2
l - Slow                  Hex            100%       N/A       1%          1
m - Mephitic Cloud        Conj/Pois/Air  50%        N/A       1%          3
p - Fulminant Prism       Conj/Hex       25%        3d14      1%          4
s - Stone Arrow           Conj/Erth      100%       3d13      1%          3
v - Poisonous Vapours     Pois/Air       100%       N/A       1%          2
x - Searing Ray           Conj           100%       2d8       1%          2
z - Summon Mana Viper     Hex/Summ       50%        N/A       1%          5

Your spell library contained the following spells:

 Spells                   Type           Power      Damage    Failure   Level


Dungeon Overview and Level Annotations

Branches:
Dungeon (12/15)            Temple (1/1) D:7            Lair (0/5) D:8
    Orc (0/2) D:9         Ossuary (visited)          Bailey (visited)

Altars:
Ashenzari
Cheibriados
Dithmenos
Elyvilon
Fedhas
Gozag
Hepliaklqana
Makhleb
Nemelex Xobeh
Okawaru
Qazlal
Ru
Trog
Uskayaw
Wu Jian
Xom
Yredelemnul
Zin
The Shining One

Annotations:
D:9 1 runed translucent door, bairyn's ghost, novice DESu


Innate Abilities, Weirdness & Mutations

You are immune to sickness and miasma.
You are immune to poison.
Your flesh is very heat resistant. (rF++)
You are vulnerable to cold. (rC-)
You float through the air rather than walking.
You learn spells naturally, not from books.
Your magical power is your life essence.
You have superior vitality. (+4 MHP)


Message History

Something bites you but does no damage.
Okay, then.
Casting: Mephitic Cloud (safe; 1% risk of failure)
Confirm with . or Enter, or press ? or * to list all spells.
You miscast Summon Mana Viper.
You are very lightly contaminated with residual magic.
Nothing appears to happen.
The orc barely misses you. Something hits you but does no damage.
Something bites you.
Unknown command.
Unknown command.
As you read the scroll of fear, it crumbles to dust.
You assume a fearsome visage.
The orc looks frightened!
You block something's attack. Something barely misses you.
Unknown command.
Unknown command.
Something hits you. Something barely misses you.
Something hits you but does no damage. Something bites you!
* * * LOW HITPOINT WARNING * * *
There is an escape hatch in the ceiling here.
Something hits you!
* * * LOW HITPOINT WARNING * * *
Something bites you!
* * * LOW HITPOINT WARNING * * *
A mysterious force pulls you upwards. The hatch slams shut behind you.
Reactivating autopickup.
You see here a book of Frost.
Unknown command.
You feel much better. Something hits you!
Deactivating autopickup; reactivate with Ctrl-A.
Something bites you!
* * * LOW HITPOINT WARNING * * *
You swing at nothing.
Something hits you.
* * * LOW HITPOINT WARNING * * *
Something bites you.
* * * LOW HITPOINT WARNING * * *
You feel better. Something hits you!
* * * LOW HITPOINT WARNING * * *
Something bites you!
You die...
Your body crumbles into a pile of gold.

#.......# #.#...# #...#.....
#.......# #.....######...#.....
........# #######...##...#.....
#...#...# #........##...#.....
#...#...# #........##...#.....
#...#...######........##...'.....
.............#...#######...#.....
##.......###.#..{##...##...#..##.
#######.# #.#..@##........#^....
#....'.# #.'...##........#.....
#....#.###.#...##...######.....
###....#.....#...####'######.....
.##....#.....#...#.....#...#.....
.......#.....#...#.###.#...#.....
.......'.....#...#.....#...#.....
.......#.#...#...#.....#...'.....
.#######.#...#...'.....#...#.....


There were no monsters in sight!

Vanquished Creatures
  A two-headed ogre (D:8)
  An unseen horror (D:11)
  A hornet (D:11)
  2 trolls
  The ghost of hawkwood the Chopper, an amateur MiAr of Gozag (D:4)
  Grinder (D:3)
  A shadow (D:9)
  6 wyverns
  A wraith (D:8)
  6 yaks (D:11)
  3 steam dragons
  Edmund (D:6)
  An acid dragon (D:11)
  A water moccasin (D:8)
  Duvessa (D:6)
  2 ice beasts
  4 orc warriors
  2 sky beasts
  2 black bears
  5 wolves (Bailey)
  5 ogres
  3 centaurs
  2 bullfrogs
  2 kobold brigands (D:9)
  9 gnoll sergeants
  6 wights (D:10)
  Dowan (D:6)
  6 killer bees (D:10)
  6 howler monkeys
  8 gnoll boudas
  5 hounds
  8 orc priests
  2 sleepcaps
  Ijyb (D:3)
  Terence (D:3)
  5 iguanas
  3 orc wizards
  A statue (D:6)
  2 mummies (Ossuary)
  21 gnolls
  9 adders
  3 white imps
  7 adder zombies (Ossuary)
  3 worms
  4 dart slugs
  24 orcs
  10 ball pythons
  4 bats
  10 endoplasms
  2 giant cockroaches
  11 goblins
  7 hobgoblins
  7 jackals
  A quokka (D:2)
  7 frilled lizards
  3 gnoll zombies (Ossuary)
  3 hobgoblin zombies (Ossuary)
  5 kobolds
  8 kobold zombies (Ossuary)
  An orc zombie (Ossuary)
  5 rats
274 creatures vanquished.

Vanquished Creatures (collateral kills)
  2 two-headed ogres
  A troll (D:11)
  3 acid dragons
  3 orc warriors (D:9)
  3 wights (D:10)
  An orc priest (D:9)
  A gnoll (D:9)
  3 orcs (D:9)
17 creatures vanquished.

Vanquished Creatures (others)
  16 fulminant prisms
16 creatures vanquished.

Grand Total: 307 creatures vanquished

Notes
Turn   | Place    | Note
-------+----------+-------------------------------------------
     0 | D:1      | Charmandara the Djinni Wanderer began the quest for the
                  | Orb.
     0 | D:1      | Charmandara set off with the following items: a +0 club, a
                  | potion of haste, a +0 scale mailthe following spells
                  | memorised: Magic Dart, Stone Arrow, Fulminant Prism, Static
                  | Discharge, Poisonous Vapours.
     0 | D:1      | Reached XP level 1. HP: 17/17 MP: 0/0
   208 | D:1      | Reached XP level 2. HP: 20/22 MP: 0/0
   470 | D:1      | Reached skill level 3 in Spellcasting
   807 | D:1      | Reached XP level 3. HP: 23/27 MP: 0/0
   807 | D:1      | Learned a level 1 spell: Slow
  1169 | D:2      | Reached XP level 4. HP: 27/32 MP: 0/0
  1388 | D:2      | Reached skill level 4 in Spellcasting
  1562 | D:2      | Found a faded altar of an unknown god.
  1696 | D:2      | Reached XP level 5. HP: 32/37 MP: 0/0
  1696 | D:2      | Learned a level 2 spell: Searing Ray
  1885 | D:3      | Noticed Terence
  1888 | D:3      | Killed Terence
  2012 | D:3      | Noticed Grinder
  2086 | D:3      | Killed Grinder
  2087 | D:3      | Reached skill level 5 in Spellcasting
  2087 | D:3      | Reached XP level 6. HP: 31/42 MP: 0/0
  2153 | D:3      | Reached XP level 7. HP: 45/47 MP: 0/0
  2153 | D:3      | Learned a level 3 spell: Mephitic Cloud
  2537 | D:3      | Noticed Ijyb
  2550 | D:3      | Killed Ijyb
  2863 | D:4      | Found a glowing golden altar of the Shining One.
  2878 | D:4      | Reached skill level 6 in Spellcasting
  3185 | D:4      | You are sucked into a shaft and drop 3 floors!
  3185 | D:7      | Found a staircase to the Ecumenical Temple.
  3189 | Temple   | Entered the Ecumenical Temple
  3419 | Temple   | Became a worshipper of Gozag Ym Sagoz the Greedy
  3635 | D:7      | Found a broken altar of Ashenzari.
  3647 | D:7      | Noticed a wyvern
  3656 | D:7      | Killed a wyvern
  3657 | D:7      | Reached skill level 7 in Spellcasting
  3657 | D:7      | Reached XP level 8. HP: 27/52 MP: 0/0
  4235 | D:6      | Noticed Edmund
  4247 | D:6      | Killed Edmund
  4370 | D:6      | Found a white marble altar of Elyvilon.
  4528 | D:6      | Noticed Duvessa
  4528 | D:6      | Noticed Dowan
  4544 | D:6      | Killed Duvessa
  4545 | D:6      | Reached skill level 8 in Spellcasting
  4547 | D:6      | Killed Dowan
  4727 | D:5      | Entered Level 5 of the Dungeon
  4760 | D:5      | Reached XP level 9. HP: 49/57 MP: 0/0
  4760 | D:5      | Learned a level 3 spell: Dazzling Flash
  5004 | D:4      | Found a runed translucent door.
  5331 | D:4      | Noticed hawkwood's ghost (amateur MiAr)
  5346 | D:4      | Killed hawkwood's ghost
  5347 | D:4      | Reached skill level 9 in Spellcasting
  5445 | D:5      | Noticed a troll
  5454 | D:5      | Killed a troll
  7454 | D:7      | Reached skill level 10 in Spellcasting
  8101 | D:8      | Reached XP level 10. HP: 57/62 MP: 0/0
  8174 | D:8      | Found a flagged portal.
  8180 | Bailey   | Entered a bailey
  8250 | Bailey   | Reached skill level 11 in Spellcasting
  8413 | Bailey   | Identified the +7 hand axe of Rilier {pain, Fly rC+ Int+4}
  8782 | D:8      | Found a staircase to the Lair.
  8821 | D:8      | Found a sand-covered staircase.
  8827 | Ossuary  | Entered an ossuary
  9166 | D:8      | Noticed a two-headed ogre
  9173 | D:8      | Killed a two-headed ogre
  9174 | D:8      | Reached skill level 12 in Spellcasting
  9489 | D:8      | Reached XP level 11. HP: 64/67 MP: 0/0
  9489 | D:8      | Learned a level 5 spell: Summon Mana Viper
  9598 | D:9      | Reached skill level 1 in Shields
  9781 | D:9      | Identified the +0 leather armour of Dyspraxia {*Corrode Fly
                  | Regen+ Str+3}
  9912 | D:9      | Found a runed translucent door.
  9950 | D:9      | Noticed a wizard
  9955 | D:9      | Noticed bairyn's ghost (novice DESu)
 10234 | D:9      | Reached skill level 5 in Shields
 10239 | D:9      | Reached skill level 1 in Dodging
 10400 | D:9      | Found a staircase to the Orcish Mines.
 10505 | D:9      | Upgraded the game from 0.30.1-9-gdf580d7c3d to
                  | 0.30.1-10-g1249ef9ec4
 10519 | D:10     | Entered Level 10 of the Dungeon
 11919 | D:11     | Noticed a two-headed ogre
 11929 | D:11     | Killed a two-headed ogre
 12329 | D:11     | Reached skill level 5 in Short Blades
 12573 | D:11     | Reached XP level 12. HP: 39/78 MP: 0/0
 13415 | D:12     | Noticed a two-headed ogre
 13681 | D:12     | Killed a two-headed ogre
 13696 | D:11     | Slain by a vampire

Illustrated notes

Levels and vault maps discovered:
D:1:      dpeg_arrival_rhombus, layout_basic
D:2:      layout_basic, ebering_ecumenical_altar_sacrificial, nrook_mini_vaults
D:3:      layout_loops_cross, uniq_grinder, uniq_terence, uniq_ijyb
D:4:      layout_basic, mainiacjoe_overflow_cross_hatched,
          ebering_ghost_reflecting_pool
D:5:      layout_basic
D:6:      layout_basic, vehumet_statue, mainiacjoe_overflow_surrounded_room,
          minmay_hedge_maze, uniq_duvessa, uniq_edmund
D:7:      layout_loops_corners, cheibrodos_ashenzari_chains,
          minmay_temple_entry_antechambers, serial_glass, glass_columns_c,
          glass_columns_a
D:8:      layout_basic, lair_entry_dummy, nicolae_ossuary_entry_plus,
          enter_bailey_3, kennysheep_generic_room_12
D:9:      layout_rooms, kennysheep_orc_monster_closet_entryway,
          ebering_ghost_inner_flame, minmay_fountain_box
D:10:     layout_stronghold, abandoned_shop
D:11:     layout_stronghold
D:12:     layout_small_grid
Temple:   hc_temple_tempest_star

Skill      XL: |  1  2  3  4  5  6  7  8  9 10 11 12 |
---------------+-------------------------------------+-----
Spellcasting   | 3 4 5 7 8 10 12 | 12.0
Short Blades   | 2 5 6 |  6.1
Shields        | 5 |  5.0
Dodging        | 2 |  2.8
Fighting       | 3 4 |  4.3
Stealth        | 3 |  3.8
Throwing       | |  1.0
Armour         | |  2.0
Invocations    | |  1.0

Action                     |  1- 3 |  4- 6 |  7- 9 | 10-12 || total
---------------------------+-------+-------+-------+-------++-------
  Melee: Rapier            |    22 |    24 |       |       ||    46
         Short sword       |       |    24 |   118 |   182 ||   324
         Punch             |       |     1 |     1 |     2 ||     4
   Cast: Magic Dart        |    38 |    26 |    29 |    30 ||   123
         Static Discharge  |     5 |    11 |     4 |       ||    20
         Poisonous Vapours |     5 |    11 |     6 |    11 ||    33
         Searing Ray       |       |     1 |    38 |    44 ||    83
         Slow              |       |     1 |     3 |     6 ||    10
         Stone Arrow       |       |     1 |    10 |     5 ||    16
         Fulminant Prism   |       |     1 |     6 |     9 ||    16
         Mephitic Cloud    |       |       |    13 |    45 ||    58
         Summon Mana Viper |       |       |       |    11 ||    11
         Dazzling Flash    |       |       |       |     1 ||     1
  Evoke: Wand              |       |       |     1 |     2 ||     3
    Use: Scroll            |     1 |     6 |    12 |    14 ||    33
         Potion            |       |     1 |     1 |     9 ||    11
   Stab: Sleeping          |       |       |     1 |     2 ||     3
         Confused          |       |       |     1 |    17 ||    18
         Distracted        |       |       |     1 |       ||     1
 Armour: Robe              |    10 |    15 |    41 |    37 ||   103
  Dodge: Dodged            |    29 |    23 |    85 |    87 ||   224
  Block: Buckler           |       |       |       |    28 ||    28
